 Dungeon Sprint DCSS version 0.23.2-1-ga50397a6bc (webtiles) character file.

Game seed: 6207437311711345539

966 Kobolds4U the Fencer (level 7, -5/71 HPs)
             Began as a Minotaur Fighter on Apr 28, 2019.
             Was a Follower of Wu Jian.
             Slain by a soul eater (20 damage)
             ... summoned by a kobold demonologist
             ... in the Dungeon (Sprint I: "Red Sonja").
             The game lasted 00:02:37 (928 turns).

Kobolds4U the Fencer (Minotaur Fighter)              Turns: 928, Time: 00:02:38

Health: -5/71      AC: -12   Str: 21    XL:     7   Next: 93%
Magic:  6/6        EV: 12    Int:  5    God:    Wu Jian [*.....]
Gold:   383        SH:  0    Dex: 11    Spells: 6/6 levels left

rFire    . . .     SeeInvis .   a - +0 long sword
rCold    . . .     Gourm    .   (no shield)
rNeg     . . .     Faith    .   b - +0 scale mail
rPois    .         Spirit   .   (helmet restricted)
rElec    .         Reflect  .   (no cloak)
rCorr    .         Harm     .   (no gloves)
MR       .....     NoTele   +   (no boots)
Stlth    ..........             (no amulet)
HPRegen  0.21/turn              (no ring)
MPRegen  0.10/turn              (no ring)

@: lethally poisoned (-5 -> -14), corroded, lightly drained
A: retaliatory headbutt, horns 2
a: Renounce Religion


You were in the Dungeon.
You worshipped Wu Jian.
Wu Jian was aware of your devotion.
You were not hungry.

You visited 1 branch You collected 405 gold pieces.
You spent 22 gold pieces at shops.

Inventory:

Hand Weapons
 a - a +0 long sword (weapon)
Armour
 b - a +0 scale mail (worn)
Wands
 c - a wand of digging (5)
Scrolls
 k - a scroll of blinking
 l - a scroll of enchant armour {unknown}
 n - a scroll of fog
Potions
 d - a potion of might
 e - a potion of curing
 h - a potion of haste
 i - 2 potions of magic
 j - a potion of berserk rage
Comestibles
 f - a ration
 m - 2 chunks of flesh


   Skills:
 + Level 9.9(9.5) Fighting
 - Level 15.9(15.4) Long Blades
 + Level 5.7(5.4) Armour
 * Level 5.6(5.2) Dodging
   Level 3.6(3.2) Shields


You had 6 spell levels left.
You didn't know any spells.
Your spell library was empty.

Dungeon Overview and Level Annotations

Branches:
Dungeon (1/1)

Altars:
Cheibriados
Dithmenos
Elyvilon
Fedhas
Gozag
Hepliaklqana
Kikubaaqudgha
Makhleb
Nemelex Xobeh
Okawaru
Qazlal
Ru
Sif Muna
Trog
Uskayaw
Vehumet
Wu Jian
Xom
Yredelemnul
Zin
The Shining One
Jiyva
Lugonu

Shops:
D *


Innate Abilities, Weirdness & Mutations

You reflexively headbutt those who attack you in melee.
You have a pair of horns on your head.


Message History

The orange demon stings you from afar. The rust devil closely misses you.
You riposte.
You hit the rust devil.
The rust devil is lightly wounded.
You barely miss the kobold demonologist.
The kobold demonologist is heavily wounded.
The kobold demonologist casts a spell.
You barely miss the kobold demonologist.
The kobold demonologist is heavily wounded.
You feel sick. The orange demon stings you from afar. The rust devil hits you.
* * * LOW HITPOINT WARNING * * *
The rust devil corrodes you! The soul eater hits you!
* * * LOW HITPOINT WARNING * * *
You feel drained.
* * * LOW HITPOINT WARNING * * *
You feel much better.
You feel sick.
The kobold demonologist hits you but does no damage.
The orange demon closely misses you. The rust devil hits you.
* * * LOW HITPOINT WARNING * * *
The rust devil corrodes you! The soul eater hits you!!
You die...

####################
)..#..'..#__#.53@).#
#..').#..'^.'..#K44#
##'#####'#__####...+
#..#...#)#### #####
####..##(#
___##'#_.+
∩...÷..._#
.__##_.#'#
___###+#.#


You could see a soul eater, an orange demon, a rust devil, a kobold demonologist
and a crimson imp.

Vanquished Creatures
  A kobold demonologist (D)
  A slime creature (D)
  Sigmund (D)
  A yak (D)
  A floating eye (D)
  An ogre (D)
  A jelly (D)
  Ijyb (D)
8 creatures vanquished.

Vanquished Creatures (others)
  A gargoyle (D)
1 creature vanquished.

Grand Total: 9 creatures vanquished

Notes
Turn   | Place    | Note
-------+----------+-------------------------------------------
     0 | D        | Kobolds4U the Minotaur Fighter began the quest for the Orb.
     0 | D        | Reached XP level 1. HP: 19/19 MP: 0/0
     7 | D        | Noticed Ijyb
    24 | D        | Killed Ijyb
    24 | D        | Reached skill level 7 in Long Blades
    24 | D        | Reached XP level 2. HP: 14/26 MP: 1/1
   166 | D        | Noticed an ogre
   170 | D        | Killed an ogre
   170 | D        | Reached skill level 11 in Long Blades
   170 | D        | Reached XP level 3. HP: 14/31 MP: 2/2
   170 | D        | Reached XP level 4. HP: 18/39 MP: 3/3
   328 | D        | Noticed Sigmund
   339 | D        | Killed Sigmund
   339 | D        | Reached skill level 14 in Long Blades
   339 | D        | Reached XP level 5. HP: 23/45 MP: 4/4
   339 | D        | Reached XP level 6. HP: 26/51 MP: 5/5
   492 | D        | Found a burning altar of Makhleb.
   492 | D        | Found a viscous altar of Jiyva.
   492 | D        | Found a shimmering altar of Xom.
   492 | D        | Found a corrupted altar of Lugonu.
   492 | D        | Noticed a slime creature
   501 | D        | Killed a slime creature
   501 | D        | Reached skill level 15 in Long Blades
   633 | D        | Found an ornate altar of the Wu Jian Council.
   633 | D        | Found a deep blue altar of Sif Muna.
   635 | D        | Found a radiant altar of Vehumet.
   644 | D        | Killed a gargoyle
   653 | D        | Became a worshipper of the Wu Jian Council
   719 | D        | Found Axzux's General Store.
   719 | D        | Found an ancient bone altar of Kikubaaqudgha.
   719 | D        | Found a hazy altar of Hepliaklqana.
   719 | D        | Found a hide-covered altar of Uskayaw.
   719 | D        | Found a basalt altar of Yredelemnul.
   719 | D        | Found an opulent altar of Gozag.
   719 | D        | Found a snail-covered altar of Cheibriados.
   719 | D        | Found a sacrificial altar of Ru.
   719 | D        | Found a shadowy altar of Dithmenos.
   719 | D        | Noticed a yak
   728 | D        | Killed a yak
   728 | D        | Reached XP level 7. HP: 36/69 MP: 6/6
   729 | D        | Found a stormy altar of Qazlal.
   729 | D        | Found a blossoming altar of Fedhas.
   729 | D        | Found a bloodstained altar of Trog.
   729 | D        | Found an iron altar of Okawaru.
   729 | D        | Found a glowing golden altar of the Shining One.
   729 | D        | Found a glowing silver altar of Zin.
   729 | D        | Found a white marble altar of Elyvilon.
   730 | D        | Found a sparkling altar of Nemelex Xobeh.
   885 | D        | Bought a scroll of fog for 22 gold pieces
   910 | D        | Noticed a kobold demonologist
   911 | D        | Noticed a kobold demonologist
   912 | D        | Noticed an orange demon
   916 | D        | Killed a kobold demonologist
   916 | D        | Reached * piety under Wu Jian
   916 | D        | Reached skill level 5 in Armour
   916 | D        | Reached skill level 5 in Dodging
   919 | D        | Noticed a rust devil
   925 | D        | Noticed a soul eater
   927 | D        | HP: 1/71 [soul eater[a kobold demonologist] (5)]
   928 | D        | Slain by a soul eater

Skill      XL: |  1  2  3  4  5  6  7 |
---------------+----------------------+-----
Long Blades    | 7 11 14 15 | 15.9
Fighting       | 8 9 |  9.9
Armour         | 5 |  5.7
Dodging        | 5 |  5.6
Shields        | |  3.6

Action                   |  1- 3 |  4- 6 |  7- 9 || total
-------------------------+-------+-------+-------++-------
Melee: Long sword        |    19 |    26 |    17 ||    62
       Headbutt          |     5 |     4 |     1 ||    10
Invok: Lunge             |       |       |     2 ||     2
  Use: Potion            |       |       |     1 ||     1
Armor: Scale mail        |     8 |     2 |     4 ||    14
Dodge: Dodged            |     7 |     4 |    10 ||    21
       Rpst.: Long sword |     2 |     1 |     1 ||     4
